 Dungeon Crawl Stone Soup version 0.19.0-9-gfd783f2 (webtiles) character file.

531981 syranez the Executioner (level 26, -12/233 HPs)
             Began as a Hill Orc Berserker on Nov 5, 2016.
             Was the Champion of Trog.
             Killed from afar by a fire dragon (55 damage)
             ... with a blast of flame
             ... on level 5 of the Depths on Nov 7, 2016.
             The game lasted 03:56:21 (54157 turns).

syranez the Executioner (Hill Orc Berserker)       Turns: 54157, Time: 03:56:22

Health: -12/233    AC: 37    Str: 37    XL:     26   Next: 25%
Magic:  23/23      EV: 13    Int: 13    God:    Trog [******]
Gold:   3652       SH: 29    Dex: 16    Spells: 0 memorised, 25 levels left

rFire  . . .     SeeInvis +     C - +10 war axe of the Sun {flame, +Blink rElec Str+3 Dex-5}
rCold  + . .     Gourm    .     f - +1 plate armour of Jiveiv {+Blink Str+4 Slay+2}
rNeg   + . .     Faith    .     b - +3 large shield of Gallantry {Dex+4}
rPois  .         Spirit   .     H - +2 helmet {SInv}
rElec  +         Reflect  .     i - +2 cloak {+Inv}
rCorr  .         Harm     +     k - +2 pair of gloves {Str+3}
MR     +....     Rnd*Tele +     g - +2 pair of boots {Stlth+}
Stlth  ..........               r - amulet of harm
                                P - ring "Riynk" {*Tele rElec rN+}
                                F - ring "Sywkumob" {Str+4 Dex+4 SInv}

@: lethally poisoned (-12 -> -12)
A: icy blue scales 1, rugged brown scales 1, clever 1, cold resistance 1, frail
1, regeneration 2, weak 1, evolution 1
a: Berserk, Trog's Hand, Brothers in Arms, Burn Spellbooks, Renounce Religion,
Evoke Blink, Evoke Invisibility
}: 2/15 runes: decaying, gossamer


You were on level 5 of the Depths.
You worshipped Trog.
Trog was exalted by your worship.
You were not hungry.

You visited 9 branches of the dungeon, and saw 44 of its levels.
You visited 2 bazaars.
You also visited: Sewer, Bailey, Volcano, Wizlab and Desolation.

You collected 6706 gold pieces.
You spent 3054 gold pieces at shops.

Inventory:

Hand Weapons
 y - a +9 executioner's axe of protection
 A - a +4 vampiric executioner's axe
 C - the +10 war axe of the Sun (weapon) {flame, +Blink rElec Str+3 Dex-5}
   (You found it on level 6 of the Lair of Beasts)

   It has been specially enchanted to burn those struck by it, causing extra
   injury to most foes and up to half again as much damage against particularly
   susceptible opponents.
   Big, fiery blades are also staple armaments of hydra-hunters.
   It affects your strength (+3).
   It affects your dexterity (-5).
   It insulates you from electricity.
   It lets you blink.
 R - the +7 battleaxe of Fee Simple {chop, *Rage MR+ Str+4 Dex+2}
   (You found it on level 6 of the Lair of Beasts)

   It inflicts extra damage upon your enemies.
   It affects your strength (+4).
   It affects your dexterity (+2).
   It affects your resistance to hostile enchantments.
   It may make you go berserk in combat.
Missiles
 o - 15 poisoned javelins (quivered)
 V - 9 steel javelins
Armour
 b - the +3 large shield of Gallantry (worn) {Dex+4}
   (You took it off Mennas on level 4 of the Depths)

   It affects your dexterity (+4).
 f - the +1 plate armour of Jiveiv (worn) {+Blink Str+4 Slay+2}
   (You bought it in a shop in a bazaar)

   It affects your strength (+4).
   It affects your accuracy and damage with ranged weapons and melee attacks
   (+2).
   It lets you blink.
 g - a +2 pair of boots of stealth (worn)
 i - a +2 cloak of invisibility (worn)
 k - a +2 pair of gloves of strength (worn)
 u - the +1 cloak of the Armadillo {-Tele rC++ MP+9}
   (You acquired it on level 11 of the Dungeon)

   It greatly protects you from cold.
   It affects your magic capacity (+9).
   It prevents most forms of teleportation.
 H - a +2 helmet of see invisible (worn)
Jewellery
 e - the amulet "Fyniha" {Spirit -Tele rC+ Str+8 Dex+3}
   (You took it off a vault warden on level 1 of the Vaults)

   [amulet of guardian spirit]

   It causes incoming damage to be split between your health and magic.
   It affects your strength (+8).
   It affects your dexterity (+3).
   It protects you from cold.
   It prevents most forms of teleportation.
 r - an amulet of harm (around neck)
 s - the ring "Aqyhaume" {rElec rF+ MP+9}
   (You found it in the Desolation of Salt)

   [ring of magical power]

   It protects you from fire.
   It insulates you from electricity.
   It affects your magic capacity (+9).
 B - an uncursed amulet of the gourmand
 F - the ring "Sywkumob" (left hand) {Str+4 Dex+4 SInv}
   (You took it off a vampire on level 15 of the Dungeon)

   [ring of see invisible]

   It affects your strength (+4).
   It affects your dexterity (+4).
   It lets you see invisible.
 G - the ring of Poosagg {+Fly rPois rC++ Str-2 Stlth+}
   (You took it off a centaur warrior on level 15 of the Dungeon)

   [ring of stealth]

   It affects your strength (-2).
   It greatly protects you from cold.
   It protects you from poison.
   It lets you fly.
   It makes you more stealthy.
 K - an uncursed ring of positive energy
 P - the ring "Riynk" (right hand) {*Tele rElec rN+}
   (You found it on level 12 of the Dungeon)

   [ring of teleportation]

   It may teleport you next to monsters.
   It insulates you from electricity.
   It protects you from negative energy.
 Q - an uncursed ring of protection from cold
 T - an uncursed amulet of regeneration
 Z - a +4 ring of evasion
Scrolls
 l - 6 scrolls of fear
 m - 13 scrolls of teleportation
 n - 5 scrolls of blinking
 p - 2 scrolls of recharging
 x - a scroll of fog
 E - a scroll of summoning
 L - 12 scrolls of remove curse
 U - 8 scrolls of identify
Potions
 q - 8 potions of brilliance
 t - 9 potions of agility
 v - 24 potions of curing
 w - 3 potions of haste
 z - 4 potions of cancellation
 I - 12 potions of flight
 M - 10 potions of lignification
 S - 5 potions of heal wounds
 X - 14 potions of might
 Y - 4 potions of ambrosia
Miscellaneous
 N - a phantom mirror
 O - a lamp of fire
 W - a sack of spiders
Comestibles
 a - 7 chunks of flesh
 c - 24 bread rations
 d - 28 fruits
 j - a royal jelly
 D - 18 meat rations
 J - 9 beef jerkies


   Skills:
 + Level 23.5 Fighting
 + Level 26.5(26.6) Axes
   Level 1.6(16.0) Maces & Flails
 + Level 17.8 Throwing
 + Level 17.8 Armour
 + Level 7.3 Dodging
 - Level 2.0 Stealth
 + Level 19.9 Shields
 + Level 0.8 Evocations


You had 25 spell levels left.
You didn't know any spells.

Dungeon Overview and Level Annotations

Branches:
Dungeon (15/15)            Temple (1/1) D:4            Lair (6/6) D:9
  Swamp (4/4) Lair:3       Spider (4/4) Lair:2        Slime (0/5) Lair:5
    Orc (2/2) D:12            Elf (3/3) Orc:2        Vaults (4/5) D:13
  Crypt (0/3) Vaults:2     Depths (5/5) D:15
    Zot: Depths:5

Altars:
Ashenzari
Cheibriados
Dithmenos
Elyvilon
Fedhas
Gozag
Hepliaklqana
Kikubaaqudgha
Makhleb
Nemelex Xobeh
Okawaru
Qazlal
Ru
Sif Muna
Trog
Uskayaw
Vehumet
Xom
Yredelemnul
Zin
The Shining One

Shops:
D:4 %   Orc:2 *}*[   Elf:1 ??}%   Elf:2 ?   Depths:3 (

Portals:
Hell: Depths:1 Depths:2 Depths:3 Depths:4 Depths:5
Abyss: Depths:4
Pandemonium: Depths:2 Depths:3 Depths:4
Ziggurat: Depths:1


Innate Abilities, Weirdness & Mutations

You are partially covered in icy blue scales. (AC +2)
You are partially covered in rugged brown scales. (AC +1, +3% HP)
Your mind is acute. (Int +2)
Your flesh is cold resistant. (rC+)
You are frail. (-10% HP)
You heal very quickly.
You are weak. (Str -2)
You evolve.


Message History

The hell knight gestures wildly while chanting.
You slice the hell knight!!
You kill the hell knight!
Trog accepts your kill.
Trog appreciates your killing of a magic user.
You feel very sick.
You feel very sick.
You feel very sick.
You feel very sick.
You feel very sick.
You start resting.
You feel very sick. x6
You feel sick. x18
You are suddenly yanked towards a nearby monster!
Your surroundings suddenly seem different.
You feel sick.
A fire dragon comes into view.
The fire dragon breathes flames at you. The blast of flame hits you!
You die...

#.#
#.#..#..#.##(#####
...
#.#..#.#.........####
≈≈≈
#..##...'####.##....#
.⌠.
#.##.......##.#####(#
≈≈.
...##....D...#.....#
# ..
....##........#####.#
. ..... #........# #
.## #........#
#....@...# ########.#
# . . . .. (... # #
... ###### #..
..##.....


You could see a fire dragon.

Vanquished Creatures
  Mennas (Depths:4)
  2 juggernauts (Depths:3)
  Bai Suzhen (Swamp:4)
  A caustic shrike (Depths:4)
  Nikola (Spider:4)
  the Enchantress (Depths:5)
  A Brimstone Fiend (WizLab)
  Jorgrun (Swamp:2)
  2 deep elf blademasters (Elf:3)
  4 liches
  3 titans
  7 sphinxes
  Gastronok (D:9)
  2 deep elf master archers (Elf:3)
  4 thorn hunters
  A nagaraja (Vaults:1)
  4 shadow dragons
  7 tengu reavers
  A draconian monk (Depths:5)
  Kirke (D:15)
  11 fire giants
  15 vault wardens
  7 deep elf sorcerers
  6 frost giants
  An iron dragon (Depths:5)
  An orc warlord (D:10)
  3 emperor scorpions (Spider:4)
  Aizul (Elf:1)
  4 ghost moths (Spider:4)
  3 imperial myrmidons (Desolation)
  4 deep elf elementalists
  A cacodemon (WizLab)
  2 angels (Elf:1)
  4 spriggan defenders
  20 stone giants
  4 reapers
  10 ironheart preservers
  A war gargoyle (Vaults:4)
  14 very ugly things
  3 vampire knights
  6 entropy weavers
  3 deep elf annihilators
  8 deep elf demonologists
  A green draconian (Depths:5)
  7 spark wasps
  2 black draconians (Depths:5)
  A lorocyproca (WizLab)
  A dire elephant (Lair:6)
  A spark wasp (shapeshifter) (Depths:3)
  A mottled draconian (Depths:5)
  A purple draconian (Depths:5)
  11 ettins
  A halazid warlock (Desolation)
  12 deep elf death magi
  2 blizzard demons
  10 fire dragons
  4 crystal guardians (Desolation)
  13 yaktaur captains
  2 deep elf high priests (Elf:3)
  10 great orbs of eyes
  6 servants of whispers (Desolation)
  6 ragged hierophants (Desolation)
  5 rakshasas
  A monstrous demonspawn (Depths:4)
  A catoblepas (D:15)
  29 hydras
  10 ice dragons
  11 peacekeepers (Desolation)
  19 vault guards
  3 spriggan air magi
  A merfolk avatar (Lair:6)
  13 centaur warriors
  2 alligators
  27 dancing weapons
  15 deep troll shamans
  A death yak (Lair:1)
  15 ogre magi
  A shock serpent (shapeshifter) (Depths:5)
  9 tengu warriors
  5 spriggan berserkers
  11 deep troll earth magi
  19 hell knights
  A soul eater (WizLab)
  4 sun demons
  5 iron trolls
  7 skeletal warriors
  A sixfirhy (Depths:2)
  5 large abominations (Elf:1)
  13 deep elf knights
  A death drake (shapeshifter) (Vaults:1)
  30 deep trolls
  An unseen horror (shapeshifter) (Vaults:1)
  An orange crystal statue (Vaults:4)
  2 sea snakes (Lair:6)
  4 unseen horrors
  4 flayed ghosts
  3 glowing orange brains
  A glowing orange brain (shapeshifter) (Vaults:4)
  4 wizards
  A shadow demon (WizLab)
  A tengu zombie (Vaults:2)
  16 swamp dragons
  6 hill giants
  A hill giant (shapeshifter) (Depths:1)
  15 ironbrand convokers
  15 orc knights
  4 lindwurms (Lair:5)
  2 wolf spider zombies (D:15)
  A torturous demonspawn (Depths:4)
  A shambling mangrove (Swamp:4)
  2 harpies
  A phantasmal warrior (Vaults:2)
  27 ugly things
  13 necromancers
  14 deep elf archers
  2 tengu skeletons (Vaults:2)
  22 wolf spiders
  9 cyclopes
  A mana viper (shapeshifter) (D:10)
  A human zombie (Vaults:2)
  53 deep elf magi
  10 orb spiders
  3 orc sorcerers
  3 salamanders (shapeshifter)
  An oklob plant (Lair:6)
  2 moths of wrath
  4 black mambas
  2 manticores
  Maurice (D:9)
  8 guardian serpents
  A black mamba (shapeshifter) (Vaults:4)
  6 elephants
  2 frost giant skeletons (Vaults:2)
  2 smoke demons
  A stone giant skeleton (Vaults:2)
  2 rust devils
  4 molten gargoyles
  25 spiny frogs
  2 gargoyles (D:10)
  2 ice statues (Depths:3)
  14 vault sentinels
  A yaktaur zombie (Depths:1)
  A torpor snail (Lair:2)
  A hellion (WizLab)
  A komodo dragon (shapeshifter) (Vaults:1)
  9 rime drakes
  9 demonic crawlers
  11 komodo dragons
  4 ice devils
  55 yaktaurs
  A yaktaur (shapeshifter) (Vaults:3)
  6 freezing wraiths
  2 yaktaur skeletons (Vaults:2)
  A troll (shapeshifter) (D:15)
  2 hellwings
  A harpy zombie (D:14)
  A meliai (shapeshifter) (Vaults:2)
  4 red devils
  34 jumping spiders
  5 tengu conjurers
  9 trolls
  6 tyrant leeches
  2 wind drakes (shapeshifter)
  10 polar bears
  35 two-headed ogres
  74 saltlings (Desolation)
  A merfolk (shapeshifter) (Depths:4)
  A blink frog (shapeshifter) (Elf:2)
  5 blink frogs
  4 dream sheep (Lair:5)
  17 hornets
  22 slime creatures
  9 bog bodies
  An ettin zombie (Vaults:2)
  19 hippogriffs
  2 dream sheep (shapeshifter)
  2 hippogriffs (shapeshifter)
  4 ettin skeletons (Vaults:2)
  A stone giant simulacrum (Depths:1)
  A spriggan (shapeshifter) (Vaults:4)
  8 spriggans
  6 wraiths
  A centaur simulacrum (D:15)
  2 tarantellas (shapeshifter)
  27 tarantellas
  72 redbacks
  5 wyverns
  10 air elementals
  A golden eye (shapeshifter) (Depths:5)
  3 shadows
  2 vampires (D:15)
  A basilisk (Lair:4)
  2 water elementals
  4 hogs (D:10)
  19 humans
  A hog (shapeshifter) (D:15)
  8 fire bats (Volcano)
  46 yaks
  A yak (shapeshifter) (D:15)
  2 hungry ghosts
  Grum (D:9)
  3 neqoxecs
  2 fire elementals
  A chaos spawn (Depths:2)
  16 vampire mosquitoes
  6 wargs
  A mottled dragon (D:11)
  Edmund (D:6)
  A soldier ant (shapeshifter) (Vaults:1)
  9 insubstantial wisps (Swamp:1)
  2 soldier ants
  14 swamp worms
  2 deep troll skeletons
  A hell hound (Volcano)
  A floating eye (shapeshifter) (D:15)
  15 water moccasins
  2 floating eyes (D:15)
  A porcupine (shapeshifter) (Depths:3)
  5 ice beasts
  13 porcupines
  30 orc warriors
  2 sky beasts
  62 ogres
  13 swamp drakes
  An eye of draining (Vaults:1)
  5 phantoms
  3 black bears
  5 necrophages
  3 orc skeletons (Vaults:2)
  27 wolves
  5 boggarts (Depths:1)
  An elf skeleton (Vaults:2)
  12 crocodiles
  24 centaurs
  4 human skeletons (Vaults:2)
  5 big kobolds
  3 elf zombies (Elf:1)
  18 bullfrogs
  A gnoll sergeant (D:8)
  A wyvern zombie (D:9)
  2 earth elementals (Elf:1)
  A hornet simulacrum (D:15)
  2 scorpions
  A human simulacrum (Vaults:2)
  7 howler monkeys
  19 wights
  2 electric eels
  7 centaur zombies
  3 crimson imps
  3 lava snakes
  A bullfrog zombie (D:7)
  8 jellies
  A quasit (Depths:4)
  6 hounds
  An iron imp (Depths:1)
  10 orc priests
  Crazy Yiuf (D:4)
  4 centaur skeletons
  24 orc wizards
  5 iguanas
  12 worker ants
  A worker ant zombie (D:11)
  5 gnolls (D:8)
  11 adders
  2 river rats (Sewer)
  6 shadow imps
  2 white imps
  3 ufetubi (Depths:4)
  8 oozes
  3 adder skeletons
  4 worms
  2 dart slugs
  11 leopard geckos
  88 orcs
  4 ball pythons
  12 bats
  6 giant cockroaches
  16 goblins
  12 hobgoblins
  19 jackals
  37 kobolds
  4 quokkas
  11 frilled lizards
  A jackal zombie (D:5)
  2 quokka skeletons
  8 rats
  2 crawling corpses (Elf:3)
  4 fungi
2179 creatures vanquished.

Vanquished Creatures (collateral kills)
  A titan (Depths:4)
  A sphinx (Depths:3)
  An azure jelly (shapeshifter) (Depths:4)
  An iron dragon (Depths:3)
  A cacodemon (WizLab)
  A very ugly thing (Depths:1)
  5 spark wasps
  2 ice dragons (Depths:3)
  2 ogre magi (Orc:2)
  A sun demon (WizLab)
  2 hell knights (Depths:2)
  A deep troll (Depths:4)
  An ugly thing (Depths:1)
  A freezing wraith (Depths:3)
  2 jumping spiders (Lair:2)
  A hornet (Spider:4)
  6 two-headed ogres (Orc:2)
  2 ynoxinuls (WizLab)
  A neqoxec (WizLab)
  2 chaos spawn
  12 ogres (Orc:2)
47 creatures vanquished.

Vanquished Creatures (others)
  A hellion (WizLab)
  A yaktaur (Vaults:4)
  A dream sheep (Lair:5)
  4 humans (D:15)
  A vampire mosquito (D:15)
  A quokka (D:12)
  A bush (Lair:6)
  16 fungi
  15 plants
41 creatures vanquished.

Grand Total: 2267 creatures vanquished

Notes
Turn   | Place    | Note
-------+----------+-------------------------------------------
     0 | D:1      | syranez the Hill Orc Berserker began the quest for the Orb.
     0 | D:1      | Reached XP level 1. HP: 19/19 MP: 1/1
    74 | D:1      | Reached XP level 2. HP: 19/27 MP: 2/2
   358 | D:1      | Reached XP level 3. HP: 23/33 MP: 3/3
   446 | D:1      | Reached ** piety under Trog
   984 | D:2      | Reached skill level 5 in Axes
  1099 | D:2      | Reached XP level 4. HP: 37/40 MP: 4/4
  1847 | D:3      | Reached *** piety under Trog
  1847 | D:3      | Reached XP level 5. HP: 47/47 MP: 5/5
  2078 | D:3      | Reached skill level 6 in Axes
  2095 | D:4      | Noticed a phantom
  2102 | D:4      | Killed a phantom
  2102 | D:4      | Reached skill level 5 in Fighting
  2102 | D:4      | Reached XP level 6. HP: 56/56 MP: 6/6
  2185 | D:4      | Noticed a phantom
  2197 | D:4      | Killed a phantom
  2197 | D:4      | Reached skill level 7 in Axes
  2202 | D:4      | Noticed a phantom
  2207 | D:4      | Reached XP level 7. HP: 44/61 MP: 7/7
  2260 | D:4      | Reached skill level 8 in Axes
  2260 | D:4      | Reached skill level 1 in Stealth
  2472 | D:4      | Found Plog's Food Boutique.
  2986 | D:4      | Found a runed door.
  2990 | D:4      | Noticed Crazy Yiuf
  2993 | D:4      | Killed Crazy Yiuf
  3228 | D:4      | Found a staircase to the Ecumenical Temple.
  3243 | Temple   | Entered the Ecumenical Temple
  3674 | D:5      | Entered Level 5 of the Dungeon
  3695 | D:5      | Reached skill level 9 in Axes
  3695 | D:5      | Reached XP level 8. HP: 51/70 MP: 8/8
  3767 | D:5      | Found an opulent altar of Gozag.
  3780 | D:5      | Reached skill level 5 in Armour
  3818 | D:5      | Found a glowing drain.
  3829 | Sewer    | Entered a sewer
  3882 | Sewer    | Reached **** piety under Trog
  4693 | D:5      | Reached skill level 1 in Throwing
  4994 | D:6      | Reached skill level 10 in Axes
  5043 | D:6      | Noticed Edmund
  5090 | D:6      | Killed Edmund
  5486 | D:7      | Reached XP level 9. HP: 58/75 MP: 9/9
  5648 | D:7      | Reached skill level 11 in Axes
  5788 | D:7      | Reached ***** piety under Trog
  5892 | D:7      | Found a flagged portal.
  5912 | Bailey   | Entered a bailey
  5918 | Bailey   | Noticed an orc knight
  5919 | Bailey   | Noticed an orc knight
  5980 | Bailey   | Received a gift from Trog
  6166 | Bailey   | Killed an orc knight
  6170 | Bailey   | Killed an orc knight
  6170 | Bailey   | Reached XP level 10. HP: 72/86 MP: 10/10
  7242 | D:7      | Reached skill level 12 in Axes
  7723 | D:8      | Reached skill level 1 in Shields
  8225 | D:8      | Gained mutation: You have a somewhat thin skeletal structure. (Dex +2, Stealth) [mutagenic meat]
  8226 | D:8      | Gained mutation: Your flesh is heat resistant. (rF+) [mutagenic meat]
  8227 | D:8      | Gained mutation: Your body sometimes deteriorates upon taking damage. [mutagenic meat]
  8228 | D:8      | Gained mutation: Your magical capacity is low. (-10% MP) [mutagenic meat]
  8514 | D:9      | Noticed Maurice
  8520 | D:9      | Killed Maurice
  8550 | D:9      | Found a snail-covered altar of Cheibriados.
  8577 | D:9      | Reached skill level 13 in Axes
  8588 | D:9      | Reached XP level 11. HP: 79/94 MP: 9/9
  8686 | D:9      | Noticed Grum
  8699 | D:9      | Killed Grum
  8915 | D:9      | Noticed Gastronok
  8938 | D:9      | Killed Gastronok
  9285 | D:9      | Noticed a centaur warrior
  9297 | D:9      | Killed a centaur warrior
  9297 | D:9      | Reached skill level 14 in Axes
  9595 | D:9      | Found a staircase to the Lair.
  9607 | Lair:1   | Entered Level 1 of the Lair of Beasts
  9658 | Lair:1   | Found a dark tunnel.
  9686 | Volcano  | Entered a volcano
  9784 | Volcano  | Noticed a red ugly thing
  9790 | Volcano  | Killed a red ugly thing
  9798 | Volcano  | Lost mutation: You have a somewhat thin skeletal structure. (Dex +2, Stealth) [mutagenic meat]
  9800 | Volcano  | Gained mutation: You possess an exceptional clarity of mind. [mutagenic meat]
  9836 | Volcano  | Found a burning altar of Makhleb.
  9911 | Volcano  | Noticed an orc sorcerer
  9914 | Volcano  | Killed an orc sorcerer
 10414 | Lair:1   | Reached XP level 12. HP: 103/105 MP: 10/10
 10419 | Lair:1   | Reached skill level 15 in Axes
 10673 | Lair:1   | Reached skill level 5 in Shields
 10676 | Lair:1   | Received a gift from Trog
 10845 | Lair:1   | Noticed an eight-headed hydra
 10859 | Lair:1   | Killed an 11-headed hydra
 10867 | Lair:1   | Reached skill level 10 in Fighting
 11059 | Lair:1   | Noticed a death yak
 11063 | Lair:1   | Killed a death yak
 11199 | Lair:1   | Received a gift from Trog
 11722 | D:9      | Reached ****** piety under Trog
 12089 | Lair:2   | Found a snail-covered altar of Cheibriados.
 12114 | Lair:2   | Noticed a six-headed hydra
 12119 | Lair:2   | Reached skill level 16 in Axes
 12122 | Lair:2   | Received a gift from Trog
 12127 | Lair:2   | Killed a 13-headed hydra
 13379 | Lair:2   | Found a hole to the Spider Nest.
 13520 | Spider:1 | Entered Level 1 of the Spider Nest
 13641 | Lair:2   | Reached XP level 13. HP: 113/116 MP: 11/11
 13732 | Lair:3   | Found a staircase to the Swamp.
 14740 | Lair:3   | Received a gift from Trog
 14751 | Lair:3   | Reached skill level 17 in Axes
 14911 | Lair:4   | Reached skill level 10 in Armour
 15148 | Lair:4   | Received a gift from Trog
 15207 | Lair:4   | Reached skill level 5 in Dodging
 15539 | Lair:4   | Received a gift from Trog
 15669 | Lair:5   | Found a staircase to the Slime Pits.
 16063 | Lair:5   | Received a gift from Trog
 16650 | Lair:5   | Got a fine ring mail
 16686 | Lair:5   | Identified the +2 ring mail of the Little Devil {rN+ SInv} (You found it on level 5 of the Lair of Beasts)
 16816 | Lair:6   | Entered Level 6 of the Lair of Beasts
 17032 | Lair:5   | Reached skill level 18 in Axes
 17052 | Lair:6   | Reached XP level 14. HP: 89/126 MP: 12/12
 17316 | Lair:6   | Noticed a dire elephant
 17426 | Lair:6   | Killed a dire elephant
 17895 | Lair:6   | Reached skill level 10 in Throwing
 18149 | Lair:6   | Got a dazzling battleaxe
 18151 | Lair:6   | Identified the +7 battleaxe of Fee Simple {chop, *Rage MR+ Str+4 Dex+2} (You found it on level 6 of the Lair of Beasts)
 18179 | Lair:6   | Reached skill level 1 in Maces & Flails
 18184 | Lair:6   | Received a gift from Trog
 18678 | Lair:6   | Got a translucent war axe
 18879 | Lair:6   | Identified the +10 war axe of the Sun {flame, +Blink rElec Str+3 Dex-5} (You found it on level 6 of the Lair of Beasts)
 19010 | D:10     | Entered Level 10 of the Dungeon
 19150 | D:10     | Received a gift from Trog
 19199 | D:10     | Identified a scroll of acquirement
 19206 | D:10     | Got an ichor-stained shield
 19212 | D:10     | Identified the +1 shield of Omission {rN+ MR+} (You acquired it on level 10 of the Dungeon)
 19970 | D:10     | Noticed an orc warlord
 19979 | D:10     | Killed an orc warlord
 19992 | D:10     | Gained mutation: You evolve. [mutagenic meat]
 19994 | D:10     | Gained mutation: You are frail. (-10% HP) [mutagenic meat]
 19996 | D:10     | Gained mutation: Your magical capacity is very low. (-20% MP) [mutagenic meat]
 19999 | D:10     | Got a glittering jade ring
 20014 | D:10     | Identified the ring of Piciosu {Fire Str-3 Dex+5} (You found it on level 10 of the Dungeon)
 20465 | D:11     | Got an encrusted cloak
 20471 | D:11     | Identified the +1 cloak of the Armadillo {-Tele rC++ MP+9} (You acquired it on level 11 of the Dungeon)
 20656 | D:11     | Reached XP level 15. HP: 118/121 MP: 12/12
 21120 | D:11     | Gained mutation: Your flesh is cold resistant. (rC+) [evolution]
 21320 | D:11     | Gained mutation: You have a pair of small horns on your head. [mutagenic meat]
 21321 | D:11     | Lost mutation: Your body sometimes deteriorates upon taking damage. [mutagenic meat]
 21322 | D:11     | Gained mutation: You are agile. (Dex +2) [mutagenic meat]
 21487 | D:11     | Reached skill level 19 in Axes
 21573 | D:12     | Received a gift from Trog
 21654 | D:12     | Found a staircase to the Orcish Mines.
 21746 | D:12     | Gained mutation: Your natural rate of healing is unusually fast. [mutagenic meat]
 21747 | D:12     | Gained mutation: Your flesh is very cold resistant. (rC++) [mutagenic meat]
 21748 | D:12     | Gained mutation: You are partially covered in large bone plates. (SH +4) [mutagenic meat]
 21757 | D:12     | Got an ancient tin ring
 21759 | D:12     | Identified the ring "Riynk" {*Tele rElec rN+} (You found it on level 12 of the Dungeon)
 21862 | D:12     | Received a gift from Trog
 21870 | D:12     | Got a blackened war axe {god gift}
 21871 | D:12     | Identified the +4 war axe of the Chain {antimagic, *Drain rPois MR+} (Trog gifted it to you on level 12 of the Dungeon)
 21896 | D:12     | Found a white marble altar of Elyvilon.
 21908 | D:12     | Found a burning altar of Makhleb.
 22377 | D:13     | Found a gate to the Vaults.
 23617 | D:14     | Received a gift from Trog
 24089 | D:15     | Entered Level 15 of the Dungeon
 24209 | D:15     | Lost mutation: You evolve. [mutagenic meat]
 24210 | D:15     | Gained mutation: Your magical capacity is extremely low. (-30% MP) [mutagenic meat]
 24211 | D:15     | Gained mutation: You are partially covered in icy blue scales. (AC +2) [mutagenic meat]
 24507 | D:15     | Found a staircase to the Depths.
 24570 | D:15     | Noticed Kirke
 24573 | D:15     | Killed Kirke
 24622 | D:15     | Reached XP level 16. HP: 90/132 MP: 11/11
 24875 | D:15     | Lost mutation: Your magical capacity is extremely low. (-30% MP) [mutagenic meat]
 24876 | D:15     | Gained mutation: You are very frail. (-20% HP) [mutagenic meat]
 24912 | D:15     | Lost mutation: You are partially covered in large bone plates. (SH +4) [mutagenic meat]
 24913 | D:15     | Lost mutation: You possess an exceptional clarity of mind. [mutagenic meat]
 24915 | D:15     | Lost mutation: You have a pair of small horns on your head. [mutagenic meat]
 24949 | D:15     | Received a gift from Trog
 25018 | D:15     | Got a brightly glowing bone ring
 25036 | D:15     | Found a shattered altar of Ashenzari.
 25069 | D:15     | Got a smoking steel ring
 25071 | D:15     | Identified the ring "Sywkumob" {Str+4 Dex+4 SInv} (You took it off a vampire on level 15 of the Dungeon)
 25113 | D:15     | Paralysed by a floating eye for 3 turns
 25117 | D:15     | Received a gift from Trog
 25172 | D:15     | Found a sacrificial altar of Ru.
 25329 | D:15     | Found a shimmering altar of Xom.
 25361 | D:15     | Got a scintillating tin ring
 25363 | D:15     | Identified the ring of Truth {Wiz rPois Dex+6 Stlth-} (You found it on level 15 of the Dungeon)
 25369 | D:15     | Identified the ring of Poosagg {+Fly rPois rC++ Str-2 Stlth+} (You took it off a centaur warrior on level 15 of the Dungeon)
 25408 | D:15     | Received a gift from Trog
 25437 | D:15     | Gained mutation: You heal very quickly. [mutagenic meat]
 25573 | Orc:1    | Entered Level 1 of the Orcish Mines
 25694 | Orc:2    | Entered Level 2 of the Orcish Mines
 25773 | Orc:2    | Found a staircase to the Elven Halls.
 25851 | Orc:1    | Reached skill level 10 in Shields
 25996 | Orc:1    | Received a gift from Trog
 26433 | Orc:2    | Reached skill level 15 in Fighting
 26457 | Orc:2    | Reached skill level 20 in Axes
 26487 | Orc:2    | Received a gift from Trog
 26613 | Orc:2    | Found Myxzyid's Armour Shoppe.
 26613 | Orc:2    | Found Quic's Gadget Shop.
 26614 | Orc:2    | Found Siajyvip's Assorted Antiques.
 26614 | Orc:2    | Found Qinun's Assorted Antiques.
 26916 | Orc:2    | Bought a scroll of identify for 72 gold pieces
 26916 | Orc:2    | Bought a potion of heal wounds for 180 gold pieces
 26917 | Orc:2    | Bought a scroll of identify for 58 gold pieces
 26917 | Orc:2    | Bought a scroll of blinking for 217 gold pieces
 26917 | Orc:2    | Bought a potion of curing for 87 gold pieces
 26917 | Orc:2    | Bought a scroll of identify for 58 gold pieces
 26927 | Orc:2    | Bought a +1 plate armour of cold resistance for 525 gold pieces
 27133 | Swamp:1  | Entered Level 1 of the Swamp
 27158 | Swamp:1  | Got a pitted plate armour
 27169 | Swamp:1  | Identified the cursed +1 plate armour "Cemeorr" {Int+4} (You found it on level 1 of the Swamp)
 27492 | Swamp:1  | Noticed a thorn hunter
 27503 | Swamp:1  | Killed a thorn hunter
 27994 | Swamp:2  | Noticed Jorgrun
 28002 | Swamp:2  | Killed Jorgrun
 28002 | Swamp:2  | Reached XP level 17. HP: 124/124 MP: 13/13
 28768 | Swamp:3  | Received a gift from Trog
 29460 | Swamp:3  | Gained mutation: Your spells are a little harder to cast, but a little more powerful. [potion of beneficial mutation]
 29584 | Swamp:4  | Entered Level 4 of the Swamp
 30043 | Swamp:4  | Noticed Bai Suzhen
 30060 | Swamp:4  | Killed Bai Suzhen
 30692 | Swamp:4  | Got a decaying rune of Zot
 30735 | Swamp:4  | Reached skill level 21 in Axes
 30735 | Swamp:4  | Reached XP level 18. HP: 134/134 MP: 14/14
 30883 | Spider:1 | Received a gift from Trog
 31123 | Spider:1 | Received a gift from Trog
 31288 | Spider:1 | Reached XP level 19. HP: 139/139 MP: 15/15
 32886 | Spider:3 | Received a gift from Trog
 33807 | Spider:4 | Entered Level 4 of the Spider Nest
 34118 | Spider:4 | Received a gift from Trog
 34123 | Spider:4 | Noticed Nikola
 34134 | Spider:4 | Killed Nikola
 34589 | Spider:4 | Gained mutation: You evolve. [mutagenic meat]
 34591 | Spider:4 | Lost mutation: You evolve. [mutagenic meat]
 34651 | Spider:4 | Gained mutation: You are partially covered in molten scales. (AC +2) [mutagenic meat]
 34653 | Spider:4 | Lost mutation: Your flesh is heat resistant. (rF+) [mutagenic meat]
 34844 | Spider:4 | Got a gossamer rune of Zot
 35243 | Vaults:1 | Entered Level 1 of the Vaults
 35464 | Vaults:2 | Found a flickering gateway to a bazaar.
 35504 | Bazaar   | Entered a bazaar
 35504 | Bazaar   | Found Uppiakk's Armour Shoppe.
 35504 | Bazaar   | Found Sysmaclu's Jewellery Emporium.
 35508 | Bazaar   | Found Peas's Gadget Shoppe.
 35520 | Bazaar   | Found Ixtaperauh's Antique Weapon Emporium.
 35541 | Bazaar   | Bought the cursed +1 plate armour of Jiveiv {+Blink Str+4 Slay+2} for 502 gold pieces
 35541 | Bazaar   | Bought a +2 pair of boots of stealth for 193 gold pieces
 35553 | Bazaar   | Bought an iridescent broad axe for 225 gold pieces
 35732 | Vaults:2 | Received a gift from Trog
 35763 | Vaults:2 | Identified the +8 broad axe of the Moth {chop, Dex+6} (You bought it in a shop in a bazaar)
 36067 | Vaults:1 | Reached XP level 20. HP: 146/149 MP: 16/16
 36110 | Vaults:1 | Reached skill level 22 in Axes
 36339 | Vaults:1 | Got a wavering bone amulet
 36522 | Vaults:1 | Received a gift from Trog
 36532 | Vaults:1 | Lost mutation: You are very frail. (-20% HP) [mutagenic meat]
 36665 | Vaults:1 | Reached skill level 15 in Armour
 36681 | Vaults:1 | Lost mutation: You are frail. (-10% HP) [mutagenic meat]
 36697 | Vaults:1 | Identified the amulet "Fyniha" {Spirit -Tele rC+ Str+8 Dex+3} (You took it off a vault warden on level 1 of the Vaults)
 36732 | Vaults:1 | Lost mutation: You are agile. (Dex +2) [mutagenic meat]
 36733 | Vaults:1 | Gained mutation: You are clumsy. (Dex -2) [mutagenic meat]
 36858 | Vaults:1 | Found a snail-covered altar of Cheibriados.
 37475 | Vaults:1 | Received a gift from Trog
 37769 | Vaults:2 | Found a staircase to the Crypt.
 38763 | Vaults:2 | Reached XP level 21. HP: 195/195 MP: 16/16
 38768 | Vaults:2 | Received a gift from Trog
 39226 | Vaults:3 | Reached skill level 23 in Axes
 39458 | Vaults:3 | Received a gift from Trog
 39890 | Vaults:3 | Received a gift from Trog
 40608 | Vaults:4 | Found a magical portal.
 40633 | WizLab   | Entered Doroklohe's Tomb
 40831 | WizLab   | Lost mutation: You are clumsy. (Dex -2) [a cacodemon]
 40838 | WizLab   | Gained mutation: You tend to lose your temper in combat. [a cacodemon]
 40844 | WizLab   | Reached skill level 15 in Shields
 40844 | WizLab   | Gained mutation: You are frail. (-10% HP) [a neqoxec]
 40847 | WizLab   | Gained mutation: Your body sometimes deteriorates upon taking damage. [a cacodemon]
 40860 | WizLab   | Gained mutation: Your body often deteriorates upon taking damage. [a cacodemon]
 40878 | WizLab   | Gained mutation: Your magical capacity is extremely low. (-30% MP) [a neqoxec]
 40885 | WizLab   | Gained mutation: You are clumsy. (Dex -2) [a neqoxec]
 41378 | Vaults:4 | Upgraded the game from 0.19.0-2-gae57169 to 0.19.0-9-gfd783f2
 41450 | Vaults:4 | Got a jewelled buckler
 41456 | Vaults:4 | Identified the +3 buckler of the Onion {Int+2} (You found it on level 4 of the Vaults)
 41571 | Vaults:4 | Received a gift from Trog
 41891 | Vaults:4 | Found a gateway to a bazaar.
 41916 | Bazaar   | Entered a bazaar
 41933 | Bazaar   | Found Getangits's Assorted Antiques.
 41948 | Bazaar   | Found Eblopha's Armour Emporium.
 41948 | Bazaar   | Found Vuiz's Magic Scroll Shoppe.
 41969 | Bazaar   | Found Ihumem's Jewellery Emporium.
 42063 | Bazaar   | Bought a +1 pair of gloves of strength for 313 gold pieces
 42069 | Bazaar   | Bought a scroll of fear for 42 gold pieces
 42069 | Bazaar   | Bought a scroll of identify for 24 gold pieces
 42069 | Bazaar   | Bought a scroll of teleportation for 36 gold pieces
 42069 | Bazaar   | Bought a scroll of identify for 24 gold pieces
 42069 | Bazaar   | Bought a scroll of teleportation for 36 gold pieces
 42083 | Bazaar   | Bought a scroll labeled SIEBUC BIESKY for 24 gold pieces
 42209 | Vaults:4 | Reached XP level 22. HP: 167/188 MP: 15/15
 42867 | Vaults:4 | Lost mutation: You tend to lose your temper in combat. [mutagenic meat]
 42869 | Vaults:4 | Gained mutation: You are partially covered in rugged brown scales. (AC +1, +3% HP) [mutagenic meat]
 43102 | Elf:1    | Entered Level 1 of the Elven Halls
 43105 | Elf:1    | Found Sukuh's Magic Scroll Boutique.
 43113 | Elf:1    | Found Xary's Food Shop.
 43113 | Elf:1    | Found Hasmipui's Magic Scroll Boutique.
 43117 | Elf:1    | Reached skill level 15 in Throwing
 43120 | Elf:1    | Found Arown's Gadget Shop.
 43125 | Elf:1    | Bought a scroll of enchant weapon for 112 gold pieces
 43125 | Elf:1    | Bought a scroll of enchant armour for 112 gold pieces
 43133 | Elf:1    | Lost mutation: Your flesh is very cold resistant. (rC++) [potion of mutation]
 43133 | Elf:1    | Lost mutation: Your body often deteriorates upon taking damage. [potion of mutation]
 43133 | Elf:1    | Lost mutation: You are frail. (-10% HP) [potion of mutation]
 43140 | Elf:1    | Bought a scroll of teleportation for 51 gold pieces
 43140 | Elf:1    | Bought a scroll of teleportation for 51 gold pieces
 43175 | Elf:1    | Found a glowing golden altar of the Shining One.
 43175 | Elf:1    | Found a glowing silver altar of Zin.
 43175 | Elf:1    | Found a ruined gateway.
 43201 | Elf:1    | Received a gift from Trog
 43212 | Elf:1    | Found a white marble altar of Elyvilon.
 43221 | Desolati | Entered the Desolation of Salt
 43238 | Desolati | Got a twitching marble ring
 43240 | Desolati | Identified the ring "Aqyhaume" {rElec rF+ MP+9} (You found it in the Desolation of Salt)
 43342 | Desolati | Received a gift from Trog
 43397 | Desolati | Received a gift from Trog
 43466 | Desolati | Identified the ring "Nefei" {rCorr +Fly MR- Str-3 SInv} (You found it in the Desolation of Salt)
 43579 | Desolati | Identified the +1 battleaxe of Esompina {freeze, Dex+6} (You found it in the Desolation of Salt)
 43584 | Desolati | Identified the +10 war axe of Gaxtajof {venom, rPois Int+6} (You found it in the Desolation of Salt)
 43641 | Desolati | Gained mutation: Your mind is acute. (Int +2) [mutagenic meat]
 43648 | Desolati | Gained mutation: Your spells are harder to cast, but more powerful. [mutagenic meat]
 43649 | Desolati | Lost mutation: Your body sometimes deteriorates upon taking damage. [mutagenic meat]
 43650 | Desolati | Lost mutation: You are partially covered in molten scales. (AC +2) [mutagenic meat]
 43651 | Desolati | Gained mutation: You are frail. (-10% HP) [mutagenic meat]
 43652 | Desolati | Lost mutation: Your mind is acute. (Int +2) [mutagenic meat]
 43679 | Desolati | Received a gift from Trog
 43757 | Desolati | Reached skill level 24 in Axes
 43758 | Desolati | Received a gift from Trog
 44003 | Desolati | Gained mutation: You occasionally shout uncontrollably at your foes. [mutagenic meat]
 44215 | Desolati | Identified the cursed +1 battleaxe "Ikocw" {speed, rC- Int+6} (You found it in the Desolation of Salt)
 44431 | Elf:1    | Found Jacsim's Antique Armour Shoppe.
 44438 | Elf:1    | Noticed Aizul
 44454 | Elf:1    | Killed Aizul
 44622 | Elf:1    | Received a gift from Trog
 44654 | Elf:1    | Identified the +1 war axe "Yrar" {drain, MR++ Dex+6} (Trog gifted it to you on level 1 of the Elven Halls)
 44947 | Elf:2    | Found Xeareroc's Magic Scroll Boutique.
 44963 | Elf:2    | Reached XP level 23. HP: 191/202 MP: 16/16
 44998 | Elf:2    | Found a runed gate.
 44998 | Elf:2    | Found a runed gate.
 44999 | Elf:2    | Found a runed gate.
 45084 | Elf:2    | Received a gift from Trog
 45369 | Elf:2    | Bought a scroll of enchant armour for 112 gold pieces
 45988 | Elf:3    | Entered Level 3 of the Elven Halls
 46040 | Elf:3    | Received a gift from Trog
 47101 | Elf:3    | Received a gift from Trog
 47435 | Elf:3    | Identified the +1 plate armour of the Lobster {rC+ Int+2 Dex-5} (You took it off a deep elf master archer on level 3 of the Elven Halls)
 47479 | Elf:3    | Received a gift from Trog
 47873 | Elf:3    | Identified the +4 plate armour of Loss {rElec MR+ Str+4} (You took it off a deep elf blademaster on level 3 of the Elven Halls)
 48071 | Depths:1 | Entered Level 1 of the Depths
 48174 | Depths:1 | Lost mutation: You are clumsy. (Dex -2) [mutagenic meat]
 48178 | Depths:1 | Gained mutation: Your body sometimes deteriorates upon taking damage. [mutagenic meat]
 48184 | Depths:1 | Gained mutation: You are weak. (Str -2) [mutagenic meat]
 48185 | Depths:1 | Gained mutation: You are dopey. (Int -2) [mutagenic meat]
 48288 | Depths:1 | Received a gift from Trog
 48292 | Depths:1 | Reached XP level 24. HP: 195/214 MP: 16/16
 48305 | Depths:1 | Lost mutation: Your magical capacity is extremely low. (-30% MP) [mutagenic meat]
 48306 | Depths:1 | Lost mutation: You are dopey. (Int -2) [mutagenic meat]
 48350 | Depths:1 | Reached skill level 25 in Axes
 48375 | Depths:1 | Gained mutation: Armour fits poorly on your strangely shaped body. [mutagenic meat]
 48377 | Depths:1 | Lost mutation: You are frail. (-10% HP) [mutagenic meat]
 48714 | Depths:1 | Received a gift from Trog
 48861 | Depths:1 | Found a gateway to Hell.
 48893 | Depths:1 | Lost mutation: Armour fits poorly on your strangely shaped body. [mutagenic meat]
 48912 | Depths:1 | Found a gateway to a ziggurat.
 49177 | Depths:1 | Received a gift from Trog
 50373 | Depths:2 | Found a one-way gate leading to the halls of Pandemonium.
 50609 | Depths:3 | Received a gift from Trog
 50635 | Depths:3 | Noticed a juggernaut
 50644 | Depths:3 | Killed a juggernaut
 50830 | Depths:3 | Noticed a juggernaut
 50839 | Depths:3 | Killed a juggernaut
 51032 | Depths:3 | Lost mutation: You occasionally shout uncontrollably at your foes. [mutagenic meat]
 51033 | Depths:3 | Gained mutation: You evolve. [mutagenic meat]
 51239 | Depths:3 | Received a gift from Trog
 51299 | Depths:3 | Reached XP level 25. HP: 241/247 MP: 18/18
 51310 | Depths:3 | Lost mutation: Your magical capacity is very low. (-20% MP) [mutagenic meat]
 51328 | Depths:3 | Found Zuepridd's Weapon Shoppe.
 51934 | Depths:3 | Lost mutation: Your magical capacity is low. (-10% MP) [evolution]
 52082 | Depths:4 | Noticed Mennas
 52095 | Depths:4 | Killed Mennas
 52108 | Depths:4 | Got a dazzling large shield
 52114 | Depths:4 | Identified the +3 large shield of Gallantry {Dex+4} (You took it off Mennas on level 4 of the Depths)
 52215 | Depths:4 | Gained mutation: You are frail. (-10% HP) [a neqoxec]
 52360 | Depths:4 | Received a gift from Trog
 52485 | Depths:4 | Reached skill level 26 in Axes
 52500 | Depths:4 | Lost mutation: Your body sometimes deteriorates upon taking damage. [mutagenic meat]
 52703 | Depths:4 | Received a gift from Trog
 52706 | Depths:4 | Found a one-way gate to the infinite horrors of the Abyss.
 52781 | Depths:4 | Lost mutation: Your spells are harder to cast, but more powerful. [mutagenic meat]
 52834 | Depths:4 | Received a gift from Trog
 53103 | Depths:4 | Received a gift from Trog
 53335 | Depths:5 | Entered Level 5 of the Depths
 53381 | Depths:5 | Paralysed by a great orb of eyes for 4 turns
 53421 | Depths:5 | Received a gift from Trog
 53514 | Depths:5 | Noticed the Enchantress
 53524 | Depths:5 | Killed the Enchantress
 53723 | Depths:5 | Reached XP level 26. HP: 206/233 MP: 23/23
 53800 | Depths:5 | Received a gift from Trog
 54041 | Depths:5 | Gained mutation: Your mind is acute. (Int +2) [mutagenic meat]
 54042 | Depths:5 | Lost mutation: Your spells are a little harder to cast, but a little more powerful. [mutagenic meat]
 54043 | Depths:5 | Gained mutation: You are very weak. (Str -4) [mutagenic meat]
 54044 | Depths:5 | Lost mutation: You are very weak. (Str -4) [mutagenic meat]
 54157 | Depths:5 | Killed from afar by a fire dragon

Skill      XL: |  1  2  3  4  5  6  7  8  9 10 11 12 13 14 15 16 17 18 19 20 21 22 23 24 25 |
---------------+----------------------------------------------------------------------------+-----
Fighting       | 4 5 6 7 8 9 11 12 13 14 15 16 17 18 19 20 21 22 23 | 23.5
Axes           | 5 6 7 9 10 11 13 14 16 18 19 20 21 22 23 24 25 26 | 26.5
Dodging        | 2 3 4 5 6 7 |  7.3
Armour         | 3 4 6 7 9 10 11 12 13 14 15 16 17 | 17.8
Stealth        | 1 2 |  2.0
Throwing       | 2 6 7 8 9 11 12 13 14 15 16 17 | 17.8
Shields        | 2 4 6 8 10 11 12 13 14 15 16 17 18 19 | 19.9
Maces & Flails | 1 |  1.6
Evocations     | |  0.8

Action                   |  1- 3 |  4- 6 |  7- 9 | 10-12 | 13-15 | 16-18 | 19-21 | 22-24 | 25-27 || total
-------------------------+-------+-------+-------+-------+-------+-------+-------+-------+-------++-------
Melee: Hand axe          |   131 |    23 |       |       |       |       |       |       |       ||   154
       Broad axe         |       |    70 |   261 |   378 |   266 |       |       |       |       ||   975
       Battleaxe         |       |       |       |    27 |    38 |       |       |       |       ||    65
       War axe           |       |       |       |       |   466 |   562 |  1105 |  1055 |   365 ||  3553
       Great mace        |       |       |       |       |    11 |       |       |       |       ||    11
       Headbutt          |       |       |       |       |    81 |     9 |       |       |       ||    90
Throw: Tomahawk          |       |       |   114 |    89 |   200 |   156 |   191 |   138 |       ||   888
       Javelin           |       |       |       |       |   105 |       |    41 |   142 |   143 ||   431
Invok: Berserk           |       |     1 |     4 |     6 |     6 |     3 |     8 |     2 |     1 ||    31
       Burn Spellbooks   |       |       |       |     2 |     2 |     2 |     2 |     5 |     2 ||    15
       Brothers in Arms  |       |       |       |     1 |       |     1 |     5 |     5 |     3 ||    15
       Trog's Hand       |       |       |       |       |       |       |     1 |       |       ||     1
 Abil: Evoke Blink       |       |       |       |       |       |       |       |     1 |     1 ||     2
  Use: Scroll            |       |     5 |     6 |    11 |    18 |     5 |    19 |    22 |     2 ||    88
       Potion            |       |       |     1 |     8 |     7 |     2 |     5 |     1 |       ||    24
 Stab: Sleeping          |     1 |       |       |       |       |       |       |       |       ||     1
       Distracted        |       |       |       |       |     2 |       |     3 |     2 |       ||     7
       Invisible         |       |       |       |       |     6 |       |       |       |       ||     6
  Eat: Chunk             |     1 |     3 |    11 |    24 |    51 |    35 |    48 |    66 |    22 ||   261
       Bread ration      |       |       |     1 |     1 |       |       |       |       |       ||     2
       Fruit             |       |       |     1 |       |       |       |       |       |       ||     1
       Royal jelly       |       |       |       |     3 |     1 |       |       |       |       ||     4
       Pizza             |       |       |       |     1 |     1 |     4 |     7 |       |       ||    13
       Beef jerky        |       |       |       |     1 |     1 |       |     1 |     1 |     1 ||     5
       Meat ration       |       |       |       |       |       |       |     1 |     1 |       ||     2
Armor: Animal skin       |     7 |       |       |       |       |       |       |       |       ||     7
       Leather armour    |    34 |       |       |       |       |       |       |       |       ||    34
       Ring mail         |     2 |    33 |       |   166 |   135 |       |       |       |       ||   336
       Chain mail        |       |     7 |   145 |    82 |       |       |       |       |       ||   234
       Plate armour      |       |       |       |       |   135 |   294 |   533 |   339 |   102 ||  1403
Dodge: Dodged            |   115 |    49 |   141 |   189 |   313 |   203 |   333 |   286 |    80 ||  1709
Block: Shield            |       |       |       |   180 |   258 |   385 |   631 |   631 |    39 ||  2124
       Other             |       |       |       |       |     1 |       |       |       |       ||     1
       Large shield      |       |       |       |       |       |       |       |       |   306 ||   306
